 Dungeon Crawl Stone Soup version 0.31-a0-221-gbddc013574 (webtiles) character file.

Game seed: 15178142460487625044

84 qw the Shooter (level 4, -1/26 HPs)
             Began as a Gargoyle Hexslinger on July 3, 2023.
             Slain by an iguana (7 damage)
             ... on level 3 of the Dungeon.
             The game lasted 00:00:59 (2210 turns).

qw the Shooter (Gargoyle Hexslinger)                Turns: 2210, Time: 00:00:59

Health: -1/26      AC: 10    Str: 12    XL:     4   Next: 45%
Magic:  5/5        EV: 10    Int: 13    God:
Gold:   139        SH:  0    Dex: 14    Spells: 4/5 levels left

rFire   . . .        Y - +1 sling
rCold   + . .        (no shield)
rNeg    + . .        k - +1 ring mail {rC+}
rPois   inf          (no helmet)
rElec   +            f - +0 cloak
rCorr   .            (no gloves)
SInv    .            (no boots)
Will    .....        e - amulet of regeneration
Stlth   +            (no ring)
HPRegen 1.04/turn    (no ring)
MPRegen 0.09/turn

%: no passive effects
@: no status effects
A: sickness immunity, AC +3, negative energy resistance 1, electricity
resistance, torment resistance 1, petrification resistance
a: no special abilities


You were on level 3 of the Dungeon.
You visited 1 branch of the dungeon, and saw 4 of its levels.

You collected 139 gold pieces.


Innate Abilities, Weirdness & Mutations

You are immune to sickness and miasma.
Your stone body is resilient. (AC +3)
You are immune to poison.
You resist negative energy. (rN+)
You are resistant to electric shocks. (rElec)
You are resistant to unholy torment.
You are immune to petrification.


   Skills:
 - Level 2.0 Fighting
 - Level 4.2 Ranged Weapons
 + Level 0.1 Armour
 - Level 1.5 Dodging
 - Level 1.0 Spellcasting
 - Level 2.6 Hexes


You had 4 spell levels left.
You knew the following spells:

 Your Spells              Type           Power      Damage    Failure   Level
a - Slow                  Hex            28%        N/A       22%         1

Your spell library contained the following spells:

 Spells                   Type           Power      Damage    Failure   Level
 Inner Flame              Hex/Fire       4%         N/A       73%         3
 Portal Projectile        Hex/Tloc       8%         N/A       73%         3
 Cause Fear               Hex            3%         N/A       91%         4

Inventory:

Hand Weapons
 Y - a +1 sling (weapon)
Armour
 f - a +0 cloak (worn)
 k - a +1 ring mail of cold resistance (worn)
Jewellery
 e - an amulet of regeneration (around neck)
Scrolls
 i - a scroll of identify
Potions
 a - a potion of curing
 g - a potion of ambrosia {unknown}
 h - a potion of cancellation
 j - a potion of berserk rage {unknown}

Dungeon Overview and Level Annotations

Branches:
Dungeon (4/15)
 Temple: D:4-7

Altars:
Dithmenos
Gozag
Ru
The Shining One

Portals:
Abyss: D:3

Annotations:
D:3 2 transporters, qw's ghost, amateur GrHs


Message History

You shoot a sling bullet.
The sling bullet hits the iguana but does no damage.
The iguana hisses menacingly.
You shoot a sling bullet.
The sling bullet barely misses the iguana.
The iguana bites you.
The iguana bites you but does no damage.
You shoot a sling bullet. The sling bullet hits the iguana.
The iguana is lightly wounded.
The dart slug barely misses you. The iguana barely misses you.
You shoot a sling bullet.
The sling bullet barely misses the iguana.
The iguana bites you. The dart slug launches a dart at you.
The slug dart misses you.
The slug dart hits the iguana.
2205 ||| STAIRDANCE The iguana bites you!
The dart slug bites you but does no damage.
You climb upwards.
Level annotation: 2 transporters, qw's ghost, amateur GrHs
There is a stone staircase leading down here.
Things that are here:
a potion of attraction; a scroll of immolation; a +0 robe You shoot a sling bullet.
The sling bullet hits the iguana.
The iguana is moderately wounded.
The iguana bites you!
The iguana bites you but does no damage.
The dart slug bites you but does no damage.
You shoot a sling bullet. The sling bullet hits the iguana.
The iguana is moderately wounded.
The iguana bites you!
You shoot a sling bullet. The sling bullet hits the iguana.
The iguana is heavily wounded.
The dart slug launches a dart at you.
The slug dart hits you but does no damage.
The iguana barely misses you.
You shoot a sling bullet. The sling bullet hits the iguana.
The iguana is severely wounded.
The iguana bites you!
You die...

##### ###
######...#####.##########
........................#
######..##############.##
.................# #.#
.#####.#.#######.# #.# <#
#...# #.# #.#
################.# #.#
...............l@# #.#
#######'########w# #.#
...........# #.# #.#
...........# #.# #.#
...........# #.# #.#
...........# #.# #.#
...........# #.# #.#
......<....# #.# #.#
...........#####.# #.#


You could see an iguana and a dart slug.

Vanquished Creatures
  2 adders (D:3)
  2 worms (D:2)
  A dart slug (D:2)
  3 orcs (D:3)
  7 ball pythons
  6 bats
  2 endoplasms (D:1)
  5 giant cockroaches
  4 goblins (D:1)
  2 hobgoblins (D:1)
  3 jackals (D:1)
  2 quokkas
  5 frilled lizards
  5 kobolds
  5 rats
54 creatures vanquished.

Notes
Turn   | Place    | Note
-------+----------+-------------------------------------------
     0 | D:1      | qw the Gargoyle Hexslinger began the quest for the Orb.
     0 | D:1      | Reached XP level 1. HP: 12/12 MP: 2/2
     0 | D:1      | 0 ||| qw: Version: 0.3-a-40-ge99b1a8
     0 | D:1      | 0 ||| qw: Game counter: 582
     0 | D:1      | 0 ||| qw: Melee chars always use a shield: true
     0 | D:1      | 0 ||| qw: God list: Okawaru
     0 | D:1      | 0 ||| qw: Allow faded altars: false
     0 | D:1      | 0 ||| qw: Do Orc after clearing Dungeon:15 true
     0 | D:1      | 0 ||| qw: Do second Lair branch before Depths: true
     0 | D:1      | 0 ||| qw: Lair rune preference: random
     0 | D:1      | 0 ||| qw: Goals: Normal
     0 | D:1      | 0 ||| PLANNING D:1-11
    14 | D:1      | 14 ||| DROPPING scroll of poison.
    58 | D:1      | 58 ||| FLEEEEING.
    88 | D:1      | Reached XP level 2. HP: 16/16 MP: 3/3
   138 | D:1      | Reached skill level 3 in Ranged Weapons
   352 | D:1      | Reached XP level 3. HP: 21/21 MP: 4/4
   464 | D:1      | 464 ||| UPGRADING to +0 cloak.
   688 | D:1      | 688 ||| UPGRADING to amulet of regeneration.
   693 | D:1      | 693 ||| READING scroll labelled IGITHRA RUCE.
   696 | D:1      | 696 ||| READING 2 scrolls labelled BUMEIM ZU SONE.
   697 | D:1      | 697 ||| READING scroll labelled VITEDA CUPHIPT.
   698 | D:1      | 698 ||| DROPPING scroll of noise.
  1067 | D:2      | Found a shadowy altar of Dithmenos.
  1505 | D:2      | 1505 ||| READING scroll labelled XOABETE WYCOGH.
  1506 | D:2      | 1506 ||| DRINKING 2 ruby potions.
  1599 | D:3      | Reached XP level 4. HP: 26/26 MP: 5/5
  1631 | D:3      | Noticed a small abomination
  1639 | D:3      | Found a transporter.
  1643 | D:3      | Found a transporter.
  1648 | D:3      | Found a one-way gate to the infinite horrors of the Abyss.
  1648 | D:3      | Noticed qw's ghost (amateur GrHs)
  1752 | D:3      | Reached skill level 4 in Ranged Weapons
  1900 | D:3      | HP: 6/26 [orc/+0 hand axe (4)]
  1920 | D:3      | Found an opulent altar of Gozag.
  1994 | D:3      | Found a sacrificial altar of Ru.
  1995 | D:3      | Found a glowing golden altar of the Shining One.
  2181 | D:3      | 2181 ||| UPGRADING to +1 ring mail of cold resistance.
  2191 | D:3      | 2191 ||| DROPPING +0 robe.
  2192 | D:3      | 2192 ||| READING 2 scrolls labelled HOTWIFA BAMAR.
  2193 | D:3      | 2193 ||| DRINKING 2 silvery potions.
  2194 | D:3      | 2194 ||| READING 2 scrolls of identify.
  2194 | D:3      | 2194 ||| IDENTIFYING inky potion
  2195 | D:3      | 2195 ||| DROPPING scroll of immolation.
  2196 | D:3      | 2196 ||| DROPPING potion of attraction.
  2205 | D:4      | 2205 ||| STAIRDANCE
  2208 | D:3      | HP: 3/26 [iguana (7)]
  2210 | D:3      | Slain by an iguana

Levels and vault maps discovered:
D:1:      minmay_arrival_glassed_features, layout_loops_ring
D:2:      kennysheep_big_flooded_room, layout_basic, basic_altar,
          minmay_misc_feat_ornament
D:3:      layout_basic, mainiacjoe_overflow_small_starburst, minitemple,
          gammafunk_ghost_abyssal_escape
D:4:      layout_rooms, nicolae_kikubaaqudgha_miasma_corner,
          minmay_temple_entry_slanted, serial_forest,
          infiniplex_forest_clump_cross, infiniplex_forest_lined_2,
          infiniplex_forest_zigzag_2, infiniplex_forest_lined_corner,
          infiniplex_forest_pool, infiniplex_forest_straight_2,
          infiniplex_forest_lined_room_3, infiniplex_forest_end_3,
          sigmund_edmund_badplayer, uniq_pikel

Skill      XL: |  1  2  3  4 |
---------------+-------------+-----
Ranged Weapons | 3 4 |  4.2
Fighting       | 2 |  2.0
Armour         | |  0.1
Dodging        | |  1.5
Spellcasting   | |  1.0
Hexes          | |  2.6

Action                     |  1- 3 |  4- 6 || total
---------------------------+-------+-------++-------
   Fire: Sling             |   168 |    55 ||   223
    Use: Scroll            |     4 |     2 ||     6
         Potion            |     1 |     1 ||     2
 Armour: Robe              |    37 |     9 ||    46
         Ring mail         |       |     5 ||     5
  Dodge: Dodged            |    69 |    25 ||    94

Table legend:
 A = Non-vault XP
 B = Vault XP
 C = Vault XP percentage of total XP
 D = Non-vault monster count
 E = Vault monster count
 F = Vault count percentage of total count
                 A         B        C        D         E       F
            +---------+---------+-------+---------+---------+-------
      Total |     111 |       9 |   7.5 |      52 |       2 |   3.7
            +---------+---------+-------+---------+---------+-------
        D:1 |      55 |       0 |   0.0 |      33 |       0 |   0.0
        D:2 |      13 |       9 |  40.9 |       8 |       2 |  20.0
        D:3 |      41 |       0 |   0.0 |      10 |       0 |   0.0
        D:4 |       2 |       0 |   0.0 |       1 |       0 |   0.0
            +---------+---------+-------+---------+---------+-------
